 Dungeon Crawl Stone Soup version 0.20-a0-809-gaf7f668 (webtiles) character file.

97 HarryHood the Skirmisher (level 4, -18/32 HPs)
             Began as a Gargoyle Monk on Mar 3, 2017.
             Killed from afar by a kobold (23 damage)
             ... with an exploding inner flame
             ... hexed by the player character
             ... on level 3 of the Dungeon.
             The game lasted 00:07:00 (2228 turns).

HarryHood the Skirmisher (Gargoyle Monk)            Turns: 2228, Time: 00:07:00

Health: -18/32     AC:  7    Str: 15    XL:     4   Next: 68%
Magic:  0/4        EV: 12    Int: 11    God:
Gold:   91         SH:  0    Dex: 12    Spells: 3/3 levels left

rFire    . . .     SeeInvis .   a - +0 flail
rCold    . . .     Gourm    .   b - +0 robe
rNeg     + . .     Faith    .   (no shield)
rPois    ∞         Spirit   +   j - +0 helmet
rElec    +         Reflect  .   (no cloak)
rCorr    .         Harm     .   (no gloves)
MR       .....                  r - +0 pair of boots (curse)
Stlth    ++........             e - amulet of guardian spirit
Regen    0.1/turn               (no ring)
MPRegen  0.1/turn               (no ring)

@: very slightly contaminated
A: negative energy resistance 1, electricity resistance, unbreathing,
petrification resistance, rot immunity, AC +3
a: no special abilities


You were on level 3 of the Dungeon.
You were not hungry.

You visited 1 branch of the dungeon, and saw 3 of its levels.

You collected 91 gold pieces.

Inventory:

Hand Weapons
 a - a +0 flail (weapon)
Missiles
 o - 22 sling bullets
Armour
 b - a +0 robe (worn)
 j - a +0 helmet (worn)
 r - a cursed +0 pair of boots (worn)
Jewellery
 e - an amulet of guardian spirit (around neck)
Scrolls
 i - a scroll of immolation {!r}
 k - 2 scrolls of recharging
 q - a scroll of remove curse {@r2}
Potions
 d - a potion of heal wounds {unknown}
 h - 2 potions of haste
 n - a potion of flight {unknown}
 p - a potion of invisibility {unknown}
Comestibles
 c - 2 bread rations {@e1}
 f - 2 royal jellies {@e3}
 g - 2 fruits {@e2}
 l - a meat ration {@e1}
 m - 4 chunks of flesh


   Skills:
 * Level 5.8 Fighting
 - Level 3.0 Maces & Flails
 - Level 2.4 Dodging
 - Level 2.1 Stealth


You had 3 spell levels left.
You didn't know any spells.

Dungeon Overview and Level Annotations

Branches:
Dungeon (3/15)

Altars:

Annotations:
D:3 Grinder


Innate Abilities, Weirdness & Mutations

You are resistant to torment.
Your stone body is resilient. (AC +3)
You are immune to poison.
You resist negative energy. (rN+)
You are resistant to electric shocks. (rElec)
You can survive without breathing.
You are immune to petrification.
You are immune to rotting.


Message History

Grinder gestures at you. Pain shoots through your body!
* * * LOW HITPOINT WARNING * * *
The worm barely misses you. The kobold closely misses you.
The quokka bites the plant but does no damage.
The quokka twitches its whiskers.
Grinder gestures at you.
You suddenly lose the ability to move!
Grinder says, "Mostly I couldn't keep them alive."
The kobold hits you but does no damage.
You can move again.
You completely miss the kobold. The kobold barely misses you.
The quokka barely misses you.
You hit the kobold.
The kobold explodes!
The fiery explosion engulfs the quokka.
You kill the quokka!
The fiery explosion engulfs Grinder.
The fiery explosion engulfs you!
Ouch! That really hurt!
You die...

#. #. #. #.
#.#+##
#....# ..
#....# .P..
#§@§.#
...P♣♣†§5.#
♣P.§.w.#
########
♣P.....#
#<......
♣.♣....#
#######.
P.♣.....#
#.....
..P.♣#....#
#.#### P♣(
#..).#
#.#### P
#.#'##
#.#...


You could see Grinder (inner flame) and a worm (inner flame).

Vanquished Creatures
  Terence (D:3)
  2 adders (D:2)
  A worm (D:2)
  2 dart slugs
  2 leopard geckos (D:1)
  9 bats
  3 giant cockroaches
  5 hobgoblins
  A quokka (D:3)
  2 frilled lizards (D:1)
  7 goblins
  5 kobolds
  8 rats
48 creatures vanquished.

Notes
Turn   | Place    | Note
-------+----------+-------------------------------------------
     0 | D:1      | HarryHood the Gargoyle Monk began the quest for the Orb.
     0 | D:1      | Reached XP level 1. HP: 14/14 MP: 1/1
    82 | D:1      | Reached XP level 2. HP: 19/20 MP: 2/2
   230 | D:1      | Reached skill level 4 in Fighting
   721 | D:1      | Reached XP level 3. HP: 22/24 MP: 3/3
  1555 | D:2      | Reached skill level 5 in Fighting
  1604 | D:2      | Reached XP level 4. HP: 24/31 MP: 2/4
  2139 | D:3      | Noticed Grinder
  2145 | D:3      | Paralysed by Grinder for 6 turns
  2205 | D:3      | Noticed Terence
  2213 | D:3      | Killed Terence
  2225 | D:3      | Paralysed by Grinder for 2 turns
  2228 | D:3      | Killed from afar by a kobold

Vault maps used:
D:1:      eino_arrival_water_cross, minmay_misc_feat_x, st_stairs_8,
          minivault_27, minmay_misc_feat_iff
D:3:      wad_woods_stonehenge, first_bread, chequers_ecumenical_altar_island,
          xom_teletrap_fun, uniq_terence, uniq_grinder

Skill      XL: |  1  2  3 |
---------------+----------+-----
Fighting       | 4 5 |  5.8
Maces & Flails | |  3.0
Dodging        | |  2.4
Stealth        | |  2.1

Action                   |  1- 3 |  4- 6 || total
-------------------------+-------+-------++-------
Melee: Mace              |    99 |       ||    99
       Flail             |    30 |    23 ||    53
  Use: Scroll            |     5 |     2 ||     7
       Potion            |       |     1 ||     1
 Stab: Sleeping          |     3 |     1 ||     4
  Eat: Chunk             |     2 |     2 ||     4
Armor: Robe              |    46 |     8 ||    54
Dodge: Dodged            |    89 |    18 ||   107
